 Dungeon Crawl Stone Soup version 0.30-a0-879-ga8ba668304 (webtiles) character file.

Game seed: 18289319772053232952

8905 holysushi the Nimble (level 11, 0/50 HPs)
             Began as a Felid Artificer on Mar 12, 2023.
             Was an Initiate of Yredelemnul.
             Slain by a manticore (9 damage)
             ... on level 12 of the Dungeon.
             The game lasted 00:30:45 (11850 turns).

holysushi the Nimble (Felid Artificer)             Turns: 11850, Time: 00:30:46

Health: 0/50       AC:  2    Str:  8    XL:     11   Next: 16%
Magic:  18/18      EV: 27    Int: 14    God:    Yredelemnul [......]
Gold:   2150       SH:  0    Dex: 20    Spells: 10/10 levels left
                                        Lives:  0   Deaths: 3

rFire   . . .      SeeInvis +      - Unarmed
rCold   . . .      Faith    .    (shield unavailable)
rNeg    . . .      Spirit   .    (body armour unavailable)
rPois   .          Reflect  .    (helmet unavailable)
rElec   .          Rampage  .    (cloak unavailable)
rCorr   .                        (gloves unavailable)
Will    +....                    (boots unavailable)
Stlth   ++++                     o - amulet of regeneration
HPRegen 1.08/turn                b - +4 ring of slaying
MPRegen 0.16/turn                (no ring)

@: spiked, quick
A: very small, claws 1, fangs 3, see invisible, speed 1, shaggy fur 2, stealthy
paws, no weapons or thrown items, no armour, multi-lived
a: Renounce Religion, Recall Undead Harvest


You were on level 12 of the Dungeon.
You worshipped Yredelemnul.
Yredelemnul was aware of your devotion.
You visited 4 branches of the dungeon, and saw 16 of its levels.
You also visited: Sewer.

You collected 2150 gold pieces.

Inventory:

Jewellery
 b - a +4 ring of slaying (left paw)
 e - the ring of Bybu {rF- rC++ Will+ rCorr Int+6}
   (You found it on level 11 of the Dungeon)

   [ring of intelligence]

   Int:       It affects your intelligence (+6).
   rF:        It makes you vulnerable to fire.
   rC:        It greatly protects you from cold.
   rCorr:     It protects you from acid and corrosion.
   Will:      It increases your willpower.
 o - an amulet of regeneration (around neck)
 w - an amulet of reflection
 B - an amulet of the acrobat
Wands
 a - a wand of flame (17) (quivered)
 c - a wand of roots (6)
 k - a wand of digging (8)
 y - a wand of paralysis (6)
 E - a wand of light (6)
Scrolls
 d - 6 scrolls of teleportation
 g - a scroll of fog
 i - a scroll of fear
 l - 2 scrolls of butterflies
 m - a scroll of amnesia
 n - 6 scrolls of identify
 t - a scroll of enchant weapon
 v - 5 scrolls of enchant armour
 x - a scroll of silence
 A - 3 scrolls of noise
Potions
 f - 3 potions of haste
 h - 5 potions of curing
 j - 5 potions of might
 p - 3 potions of attraction {unknown}
 q - a potion of ambrosia {unknown}
 r - 4 potions of degeneration {unknown}
 s - a potion of berserk rage {unknown}
 u - 4 potions of brilliance
 z - a potion of flight {unknown}
 C - 2 potions of lignification {unknown}
 F - a potion of heal wounds {unknown}
 G - a potion of magic
Miscellaneous
 D - a box of beasts (inert)


   Skills:
 - Level 7.0 Fighting
 + Level 12.5 Dodging
 - Level 8.0 Stealth
 - Level 12.0 Unarmed Combat
 + Level 8.1 Invocations
 + Level 6.8 Evocations


You had 10 spell levels left.
You didn't know any spells.
Your spell library contained the following spells:

 Spells                   Type           Power      Damage    Failure   Level
 Necrotise                Necr           0%         1d4       28%         1
 Blink                    Tloc           0%         N/A       41%         2
 Lesser Beckoning         Tloc           0%         N/A       41%         2
 Momentum Strike          Conj/Tloc      0%         3d8       41%         2
 Ignite Poison            Fire/Tmut/Pois 0%         N/A       65%         3
 Summon Guardian Golem    Hex/Summ       0%         N/A       65%         3
 Vampiric Draining        Necr           0%         2d6       65%         3
 Passage of Golubria      Tloc           0%         N/A       96%         4
 Sticky Flame             Conj/Fire      0%         2d3       96%         4
 Agony                    Necr           0%         N/A       100%        5
 Silence                  Hex/Air        0%         N/A       100%        5
 Orb of Destruction       Conj           0%         9d5       100%        7
 Spellforged Servitor     Conj/Summ      0%         N/A       100%        7
 Ignition                 Fire           0%         3d3       100%        8
 Lehudib's Crystal Spear  Conj/Erth      0%         10d2      100%        8


Dungeon Overview and Level Annotations

Branches:
Dungeon (12/15) Zot: 26889  Temple (1/1) D:5 Zot: 5827    Lair (1/5) D:8 Zot: 5998
    Orc (2/2) D:10 Zot: 17259   Sewer (visited)
    Elf: Orc:2

Altars:
Ashenzari
Cheibriados
Dithmenos
Elyvilon
Fedhas
Gozag
Hepliaklqana
Kikubaaqudgha
Makhleb
Nemelex Xobeh
Okawaru
Qazlal
Ru
Sif Muna
Trog
Uskayaw
Vehumet
Wu Jian
Xom
Yredelemnul
Zin
The Shining One

Shops:
D:9 [

Annotations:
Lair:1 Gastronok
Orc:1 exclusion: 2 downstairs
Orc:2 Rupert


Innate Abilities, Weirdness & Mutations

You have sharp claws.
You have razor-sharp teeth.
You have supernaturally acute eyesight. (SInv)
You cover ground quickly. (Speed+)
You are covered in thick fur. (AC +2)
Your paws help you pounce on unaware monsters.
You are incapable of wielding weapons or throwing items.
You cannot wear armour.
You gain extra lives every three experience levels.


Message History

The wraith hits you!
You closely miss the wraith. You claw the wraith! You bite the wraith!
The wraith is severely damaged.
The wraith completely misses you.
The manticore flicks its tail.
The volley of spikes hits you.
The barbed spikes become lodged in your body.
The barbs in your skin will harm you if you move.
Continue?
Okay, then.
You scratch the wraith. Your claw misses the wraith.
The wraith is almost destroyed.
The wraith completely misses you.
You scratch the wraith. You claw the wraith, but do no damage.
The wraith is almost destroyed.
The wraith hits you.
The manticore flicks its tail.
The volley of spikes misses you.
You barely miss the wraith.
The wraith is almost destroyed.
You claw the wraith!
You destroy the wraith!
You open the lid... ...and a larval stingfire beast leaps out!
The box is emptied!
The manticore flicks its tail.
The volley of spikes misses you.
A slime creature comes into view.
The manticore flicks its tail.
The volley of spikes hits you!
The barbed spikes become lodged in your body.
Your larval stingfire beast hits the manticore!
Your larval stingfire beast completely misses the manticore.
You claw the manticore!
The manticore is heavily wounded.
The manticore bites you!!
* * * LOW HITPOINT WARNING * * *
The manticore claws you!
You die...
Your body rises from the dead as a mindless zombie.

#..............
+.............. ..
#.....(........ ..)
#.............. ....
#####'####...##
....######..##..###+###
.........#....)..#
.....J^H.+.......#
#H@##..##...#
#+###..##..##...#
...................
.........>..........
##+#############.###.
.#


You could see a slime creature, a manticore (ally target) and a friendly larval
stingfire beast (summoned).

Vanquished Creatures
  3 two-headed ogres
  A boulder beetle (D:11)
  A tengu warrior (D:9)
  A death yak (D:8)
  A deep elf pyromancer (D:10)
  2 orc sorcerers (Orc:1)
  Maurice (D:9)
  Maggie (D:6)
  A kobold demonologist (D:8)
  A komodo dragon (D:10)
  A hornet (D:9)
  A troll (Orc:2)
  Grinder (D:6)
  A shadow (D:9)
  A wyvern (D:8)
  7 yaks
  2 wraiths
  5 steam dragons
  Edmund (D:6)
  A warg (Orc:1)
  2 acid dragons
  3 water moccasins
  An ice beast (D:8)
  11 orc warriors
  A sky beast (D:7)
  2 black bears
  5 ogres
  2 centaurs
  7 kobold brigands
  4 gnoll sergeants
  8 scorpions
  12 wights
  2 killer bees
  3 howler monkeys (D:9)
  2 hounds
  A quasit (D:7)
  6 orc priests
  Crazy Yiuf (D:7)
  A hell rat (D:8)
  4 iguanas
  3 sleepcaps
  18 orc wizards
  20 gnolls
  3 river rats
  10 adders
  A white imp (D:8)
  3 ufetubi
  2 worms (D:5)
  53 orcs
  2 bats (D:3)
  8 endoplasms
  3 giant cockroaches
  5 goblins
  9 hobgoblins
  12 jackals
  22 kobolds
  4 quokkas
  6 ball pythons
  2 frilled lizards
  8 rats
306 creatures vanquished.

Vanquished Creatures (collateral kills)
  A boulder beetle (D:11)
  An orc knight (Orc:1)
  A gargoyle (D:11)
  An orc warrior (Orc:1)
  A sky beast (D:7)
  2 ogres
  A centaur (D:7)
  A phantom (D:7)
  A gnoll sergeant (D:9)
  3 killer bees (D:7)
  2 orc wizards (Orc:1)
  A hell rat (D:8)
  2 gnolls (D:9)
  14 orcs
32 creatures vanquished.

Vanquished Creatures (others)
  A spectral shadow imp (D:6)
  A warg zombie (Orc:1)
  2 killer bees (D:7)
  A black bear zombie (D:6)
  3 ogre zombies
  A spectral quasit (D:7)
  A hell rat zombie (D:8)
  A howler monkey zombie (D:9)
  A white imp (D:6)
  A spectral white imp (D:8)
  An orc (D:10)
  6 gnoll zombies
  4 kobolds (D:9)
  A river rat zombie (D:8)
  10 kobold zombies
  27 orc zombies
  A quokka zombie (D:8)
  A demonic plant (D:7)
  3 fungi (D:7)
  15 plants
82 creatures vanquished.

Grand Total: 420 creatures vanquished

Notes
Turn   | Place    | Note
-------+----------+-------------------------------------------
     0 | D:1      | holysushi the Felid Artificer began the quest for the Orb.
     0 | D:1      | Reached XP level 1. HP: 9/9 MP: 2/2
    98 | D:1      | Reached skill level 1 in Unarmed Combat
   312 | D:1      | Reached XP level 2. HP: 12/12 MP: 3/3
  1136 | D:2      | Reached XP level 3. HP: 15/15 MP: 4/4
  1689 | D:3      | Reached XP level 4. HP: 19/19 MP: 5/5
  1947 | D:3      | Slain by a sleepcap
  1948 | D:3      | Reached XP level 3. HP: -2/15 MP: 4/4
  2094 | D:3      | Found a shimmering altar of Xom.
  2195 | D:3      | Reached XP level 4. HP: 19/19 MP: 5/5
  2453 | D:4      | Reached XP level 5. HP: 22/22 MP: 6/6
  2533 | D:4      | Found an ancient bone altar of Kikubaaqudgha.
  2702 | D:4      | Found a bloodstained altar of Trog.
  2728 | D:4      | Noticed a black bear
  2749 | D:4      | Killed a black bear
  2750 | D:4      | Reached skill level 5 in Unarmed Combat
  2750 | D:4      | Gained mutation: You are covered in thick fur. (AC +2)
                  | [Felid growth]
  2750 | D:4      | Reached XP level 6. HP: 28/28 MP: 7/7
  3438 | D:5      | Entered Level 5 of the Dungeon
  3619 | D:5      | Reached XP level 7. HP: 26/31 MP: 8/8
  3641 | D:5      | Reached skill level 5 in Dodging
  3641 | D:5      | Reached skill level 5 in Stealth
  3687 | D:5      | Found a glowing drain.
  3726 | Sewer    | Entered a sewer
  4429 | D:5      | Reached XP level 8. HP: 16/34 MP: 9/9
  4476 | D:5      | Found a staircase to the Ecumenical Temple.
  4553 | Temple   | Entered the Ecumenical Temple
  4691 | Temple   | Became a worshipper of Yredelemnul the Dark
  5083 | D:6      | Noticed Edmund
  5089 | D:6      | Killed Edmund
  5114 | D:6      | Noticed Grinder
  5139 | D:6      | Killed Grinder
  5158 | D:6      | Reached * piety under Yredelemnul
  5186 | D:6      | Noticed Maggie
  5194 | D:6      | Killed Maggie
  5195 | D:6      | Reached skill level 1 in Invocations
  5195 | D:6      | Reached XP level 9. HP: 38/38 MP: 9/11
  5237 | D:6      | Reached ** piety under Yredelemnul
  5257 | D:6      | Your ally Grinder died
  5273 | D:6      | Found a white marble altar of Elyvilon.
  5276 | D:6      | Found a blossoming altar of Fedhas.
  5933 | D:7      | Reached skill level 10 in Unarmed Combat
  5942 | D:7      | Reached skill level 5 in Fighting
  6188 | D:7      | Reached skill level 10 in Dodging
  6207 | D:7      | Reached *** piety under Yredelemnul
  6222 | D:7      | Reached **** piety under Yredelemnul
  6398 | D:7      | Reached XP level 10. HP: 44/44 MP: 10/13
  6517 | D:7      | Found a runed translucent door.
  6518 | D:7      | Noticed Crazy Yiuf
  6633 | D:7      | Killed Crazy Yiuf
  6650 | D:7      | Reached ***** piety under Yredelemnul
  6726 | D:8      | Noticed a death yak
  6727 | D:8      | Found a staircase to the Lair.
  6727 | D:8      | Noticed a death yak
  6728 | D:8      | Noticed a death yak
  7618 | D:8      | Reached skill level 5 in Invocations
  7749 | D:8      | Killed a death yak
  8280 | D:9      | Noticed a two-headed ogre
  8340 | D:9      | Killed a two-headed ogre
  8398 | D:9      | Noticed Maurice
  8427 | D:9      | Killed Maurice
  8516 | D:9      | Reached XP level 11. HP: 38/49 MP: 16/16
  8597 | D:9      | Noticed a tengu warrior
  8604 | D:9      | Killed a tengu warrior
  8693 | D:9      | Reached ****** piety under Yredelemnul
  8830 | D:9      | Noticed a two-headed ogre
  8841 | D:9      | Killed a two-headed ogre
  8861 | D:9      | Killed from afar by an acid dragon
  8862 | D:9      | Reached XP level 10. HP: -4/46 MP: 10/16
  8925 | D:9      | Found Zipah's Superior Scales.
  8949 | D:10     | Entered Level 10 of the Dungeon
  8968 | D:10     | Noticed a deep elf pyromancer
  8979 | D:10     | Killed a deep elf pyromancer
  9622 | D:10     | Found a staircase to the Orcish Mines.
  9796 | Lair:1   | Entered Level 1 of the Lair of Beasts
  9796 | Lair:1   | Noticed Gastronok
  9907 | Orc:1    | Entered Level 1 of the Orcish Mines
  9921 | Orc:1    | Noticed an orc knight
  9931 | Orc:1    | Shot with a bolt by an orc warrior
  9932 | Orc:1    | Reached XP level 9. HP: 0/43 MP: 15/15
  9933 | Orc:1    | Noticed an orc sorcerer
  9939 | Orc:1    | Killed an orc sorcerer
  9940 | Orc:1    | Reached skill level 5 in Evocations
  9995 | Orc:1    | Reached XP level 10. HP: 20/47 MP: 16/16
 10122 | Orc:1    | Noticed an orc sorcerer
 10124 | Orc:1    | Paralysed by an orc sorcerer for 2 turns
 10128 | Orc:1    | Killed an orc sorcerer
 10373 | Orc:1    | Killed an orc knight
 10573 | Orc:2    | Entered Level 2 of the Orcish Mines
 10614 | Orc:2    | Noticed Rupert
 10684 | Orc:1    | Identified 2 scrolls of acquirement
 10684 | Orc:1    | Acquired 1001 gold pieces
 10686 | Orc:1    | Acquired a +4 ring of slaying
 11021 | D:11     | Identified the ring of Bybu {rF- rC++ Will+ rCorr Int+6}
 11053 | D:11     | Noticed a gargoyle
 11281 | D:11     | Noticed a two-headed ogre
 11288 | D:11     | Killed a two-headed ogre
 11310 | D:11     | Noticed a boulder beetle
 11315 | D:11     | Killed a boulder beetle
 11326 | D:11     | Reached XP level 11. HP: 50/50 MP: 17/17
 11410 | D:11     | Noticed a boulder beetle
 11442 | D:11     | Killed a boulder beetle
 11850 | D:12     | Slain by a manticore

Illustrated notes

Levels and vault maps discovered:
D:1:      lightli_arrival_chessboard, layout_loops_corners, minmay_distorted
D:2:      layout_loops_cross, grunt_decor_arrowhead, serial_bayou_pond_c
D:3:      layout_basic, amcnicky_altar_gilded
D:4:      layout_basic, old_standard_altar, nicolae_kikubaaqudgha_miasma_corner
D:5:      layout_basic, minmay_temple_entry_large_hall,
          cheibrodos_sewer_entry_bend, hangedman_decor_riveting
D:6:      layout_basic, nicolae_overflow_squiral, lemuel_flamethrower_2,
          uniq_maggie, uniq_edmund, uniq_grinder
D:7:      layout_cave_pools, serial_demonic, serial_demonic_g, serial_demonic_e,
          serial_demonic_e, serial_demonic_c, uniq_crazy_yiuf_cottage
D:8:      layout_loops_corners, dpeg_lair_monsters
D:9:      wad_cavern_with_rooms, layout_rooms, serial_glass, glass_columns_a,
          glass_columns_b, hellmonk_scale_shop, uniq_maurice
D:10:     layout_basic, hiddenorc1_lemuel, nicolae_water_bricks,
          solitary_fountain
D:11:     layout_layer_cave
D:12:     layout_gridville, nicolae_shop_fire_sale [nicolae_sub_dead_trees]
Temple:   minmay_crystal_spiral_temple
Lair:1:   gammafunk_indiana_jones, layout_layer_cave, uniq_amaemon,
          uniq_gastronok
Orc:1:    layout_diamond_mine, mines4_lemuel
Orc:2:    st_orc_open, layout_diamond_mine, serial_shops, shop,
          minmay_orc_temple_a, uniq_nessos, uniq_rupert

Skill      XL: |  1  2  3  4  5  6  7  8  9 10 11 |
---------------+----------------------------------+-----
Unarmed Combat | 1 2 3 4 5 6 9 10 12 | 12.0
Stealth        | 3 4 5 7 8 |  8.0
Fighting       | 3 5 7 |  7.0
Dodging        | 4 6 7 10 12 | 12.5
Invocations    | 1 3 7 8 |  8.1
Evocations     | 5 6 4 |  6.8

Action                     |  1- 3 |  4- 6 |  7- 9 | 10-12 || total
---------------------------+-------+-------+-------+-------++-------
  Melee: Unarmed           |   103 |   152 |   289 |   491 ||  1035
         Bite              |     5 |    18 |    31 |    70 ||   124
         Punch             |       |    10 |    14 |    40 ||    64
 Invoke: Recall Undead Har |       |       |     2 |     9 ||    11
         Dark Bargain      |       |       |       |     4 ||     4
         Bind Soul         |       |       |       |     1 ||     1
  Evoke: Wand              |     4 |     2 |    31 |    32 ||    69
         Box of beasts     |       |       |       |     2 ||     2
    Use: Scroll            |       |     8 |     2 |    11 ||    21
         Potion            |       |     1 |     2 |     1 ||     4
   Stab: Sleeping          |     5 |     7 |    12 |     9 ||    33
         Paralysed         |       |     2 |     3 |     1 ||     6
         Invisible         |       |     3 |       |     4 ||     7
         Distracted        |       |       |     1 |     3 ||     4
 Armour: Skin              |     4 |     9 |     5 |    18 ||    36
  Dodge: Dodged            |    83 |   124 |   233 |   425 ||   865

Table legend: (Time is in decaauts)
 A = Elapsed time spent in this place.
 B = Non-inter-level travel time spent in this place.
 C = Inter-level travel time spent in this place.
 D = Time resting spent in this place.
 E = Time spent auto-exploring this place.
 F = Levels seen in this place.
 G = Mean time per level.
                   A        B        C        D        E       F      G
               +--------+--------+--------+--------+--------+-----+--------+
         Total |  10000 |   9333 |    667 |    662 |   5414 |  17 |  588.2 |
       Dungeon |   8386 |   7853 |    533 |    578 |   4599 |  12 |  698.8 |
        Temple |    172 |    113 |     59 |      0 |     89 |   1 |  172.0 |
          Lair |      1 |      1 |      0 |      0 |      0 |   1 |    1.0 |
  Orcish Mines |    740 |    666 |     74 |     57 |    318 |   2 |  370.0 |
         Sewer |    700 |    700 |      0 |     27 |    407 |   1 |  700.0 |
               +--------+--------+--------+--------+--------+-----+--------+

Top non-repeatable levels by time:
     D:8: 1079 daAuts
     D:7: 832 daAuts
     D:4: 830 daAuts
     D:1: 810 daAuts
    D:11: 733 daAuts
     D:6: 713 daAuts
   Sewer: 700 daAuts
     D:3: 700 daAuts
   Orc:1: 693 daAuts
    D:10: 691 daAuts
     D:9: 673 daAuts
     D:2: 619 daAuts
     D:5: 589 daAuts
  Temple: 172 daAuts
    D:12: 110 daAuts
